 Dungeon Crawl Stone Soup version 0.14.1-21-g36cd379 (webtiles) character file.

267 Kae the Firebug (level 5, -5/31 HPs)
             Began as an Octopode Fire Elementalist on June 6, 2014.
             Killed from afar by an orc wizard (10 damage)
             ... with a magic dart
             ... on Level 4 of the Dungeon.
             The game lasted 00:04:29 (3683 turns).

Kae the Firebug (Octopode Fire Elementalist)        Turns: 3683, Time: 00:04:29

HP  -5/31        AC  1     Str  7      XL: 5   Next: 57%
MP  10/10        EV 12     Int 19      God:
Gold 90          SH  0     Dex 12      Spells:  3 memorised,  3 levels left

rFire  . . .     SeeInvis .     (no weapon)
rCold  . . .     Clarity  .     (no shield)
rNeg   . . .     Conserve .     (helmet restricted)
rPois  .         rCorr    .     (no amulet)
rElec  .         rRot     .     (no ring)
SustAb . .       Spirit   .     (no ring)
rMut   .         Warding  .     (no ring)
Saprov . . .     Stasis   .     (no ring)
MR     .....                    (no ring)
                                (no ring)
                                (no ring)
                                (no ring)

@: not resistant to hostile enchantments, quite stealthy
A: almost no armour, amphibious, 8 rings, constrict 8, camouflage 1, gelatinous
body 1
a: no special abilities


You were on level 4 of the Dungeon.
You were not hungry.

You visited 1 branch of the dungeon, and saw 4 of its levels.

You collected 90 gold pieces.

Inventory:

Missiles
 s - 6 stones (quivered)
Comestibles
 c - a bread ration
Scrolls
 a - 2 scrolls of random uselessness {unknown}
 f - 2 scrolls of remove curse {unknown}
 g - 2 scrolls of fear {unknown}
 h - 4 scrolls of identify {unknown}
 i - 2 scrolls of noise {unknown}
 k - a scroll of fog {unknown}
 l - a scroll of immolation {unknown}
 p - a scroll of magic mapping {unknown}
 r - 2 scrolls of enchant weapon II {unknown}
 v - a scroll of enchant armour {unknown}
Jewellery
 e - an uncursed ring of protection from cold {unknown}
 t - an uncursed amulet of resist mutation {unknown}
 u - an uncursed ring of wizardry {unknown}
Potions
 d - a potion of heal wounds {unknown}
 j - a potion of restore abilities {unknown}
 m - a potion of lignification {unknown}
 n - a potion of curing {unknown}
 o - a potion of invisibility {unknown}
 q - a potion of might {unknown}
 w - a potion of haste {unknown}
Books
 b - a book of Flames

   Spells                             Type                      Level
   *Flame Tongue                      Conjuration/Fire             1
   *Throw Flame                       Conjuration/Fire             2
   *Conjure Flame                     Conjuration/Fire             3
   Inner Flame                        Hexes/Fire                   3
   Sticky Flame                       Conjuration/Fire             4
   Fireball                           Conjuration/Fire             5


   Skills:
 - Level 2.0 Dodging
 - Level 2.6 Stealth
 + Level 2.9 Spellcasting
 * Level 3.5 Conjurations
 * Level 4.2 Fire Magic


You had 3 spell levels left.
You knew the following spells:

 Your Spells              Type           Power        Failure   Level  Hunger
a - Flame Tongue          Conj/Fire      ###..        3%          1    None
b - Throw Flame           Conj/Fire      ###...       6%          2    ##.....
c - Conjure Flame         Conj/Fire      ###.....     12%         3    ###....


Dungeon Overview and Level Annotations

Branches:
Dungeon (4/15)
 Temple: D:4-7

Altars:

Annotations:
D:4 Sigmund


Innate Abilities, Weirdness & Mutations

You cannot wear most types of armour.
You are amphibious.
You can wear up to eight rings at the same time.
You can use your tentacles to constrict many enemies at once.
Your skin changes colour to match your surroundings (Stlth).
Your rubbery body absorbs attacks (AC +1).


Message History

You are too injured to fight recklessly!
You are too injured to fight recklessly!
You are too injured to fight recklessly!
You release your grip on the orc.
The orc wizard gestures wildly while chanting.
The orc wizard blinks!
The orc wizard gestures wildly while chanting.
The orc wizard blinks!
There is an open door here.
The orc wizard casts a spell.
The orc wizard blinks!
The orc wizard casts a spell.
The orc wizard blinks!
The orc wizard hits you with a dagger.
* * * LOW HITPOINT WARNING * * *
The orc wizard hits you with a dagger.
* * * LOW HITPOINT WARNING * * *
The orc wizard gestures at you while chanting.
The magic dart hits you!
You die...

#.# #####.## #.....<# #
#....%.# ##+## .. #......#
##...## .. ##.##### ##(....##
... #.##.## ##.......## #...
#.#...####..o......####....
#........'@....o..o'o.o....
###.#...####.........####o...
#......## ##.......## #...
#.###.## ##.....## #.. #.#
#..# ##...## .. #.###..#
##+## # #......# ######.# .#


You could see an orc wizard and 2 orcs.

Vanquished Creatures
  A crimson imp (D:3)
  A worker ant (D:3)
  2 adders (D:3)
  2 gnolls (D:2)
  A worm (D:3)
  3 giant geckos
  An orc (D:3)
  10 giant cockroaches
  11 goblins
  4 hobgoblins
  A jackal (D:3)
  A quokka (D:2)
  12 bats
  7 giant newts
  11 kobolds
  8 rats
76 creatures vanquished.

Notes
Turn   | Place    | Note
--------------------------------------------------------------
     0 | D:1      | Kae, the Octopode Fire Elementalist, began the quest for the Orb.
     0 | D:1      | Reached XP level 1. HP: 11/11 MP: 3/3
   302 | D:1      | Reached XP level 2. HP: 15/17 MP: 4/4
   715 | D:1      | Reached XP level 3. HP: 13/21 MP: 4/6
  1536 | D:2      | Reached XP level 4. HP: 21/27 MP: 5/8
  2241 | D:3      | Learned a level 2 spell: Throw Flame
  2245 | D:3      | Learned a level 3 spell: Conjure Flame
  2599 | D:3      | Reached skill level 4 in Fire Magic
  2667 | D:3      | Reached XP level 5. HP: 31/31 MP: 9/9
  3635 | D:4      | Noticed Sigmund
  3683 | D:4      | Killed from afar by an orc wizard

Action                   |  1- 3 |  4- 6 || total
-------------------------+-------+-------++-------
Melee: Unarmed           |   114 |    91 ||   205
Throw: Stone             |       |     4 ||     4
 Cast: Flame Tongue      |    19 |    23 ||    42
       Throw Flame       |       |     2 ||     2
 Stab: Sleeping          |     6 |     6 ||    12
       Distracted        |     1 |       ||     1
